 Dungeon Crawl Stone Soup version 0.22.0-6-g71bd7aa (webtiles) character file.

65 letownia2 the Insei (level 3, -8/26 HPs)
             Began as a Demonspawn Transmuter on Aug 15, 2018.
             Mangled by an ogre
             ... wielding a +0 giant spiked club
              (34 damage)
             ... on level 4 of the Dungeon.
             The game lasted 00:05:00 (1044 turns).

letownia2 the Insei (Demonspawn Transmuter)         Turns: 1044, Time: 00:05:01

Health: -8/26      AC:  2    Str: 11    XL:     3   Next: 92%
Magic:  3/6        EV: 20    Int: 16    God:
Gold:   135        SH:  0    Dex: 18    Spells: 0/6 levels left

rFire    . . .     SeeInvis .     - Unarmed
rCold    . . .     Gourm    .   (shield currently unavailable)
rNeg     . . .     Faith    .   (armour currently unavailable)
rPois    x         Spirit   .   (helmet currently unavailable)
rElec    .         Reflect  .   (cloak currently unavailable)
rCorr    .         Harm     .   (gloves currently unavailable)
MR       .....                  (boots currently unavailable)
Stlth    ++........             (no amulet)
HPRegen  0.08/turn              (no ring)
MPRegen  0.10/turn              r - +2 ring of intelligence

@: spider-form
A: tiny, rot immunity
a: End Transformation


You were on level 4 of the Dungeon.
You were not hungry.
You were a venomous arachnid creature.
You visited 1 branch of the dungeon, and saw 5 of its levels.

You collected 135 gold pieces.

Inventory:

Hand Weapons
 l - a +3 hunting sling of freezing
Missiles
 a - 34 arrows
Armour
 b - a +0 robe
 c - a +0 scale mail
 j - a +0 ring mail (melded)
 t - the +5 chain mail of the Accordion {rPois Dex-2 Slay+2}
   (You found it on level 4 of the Dungeon)

   It affects your dexterity (-2).
   It affects your accuracy and damage with ranged weapons and melee attacks
   (+2).
   It protects you from poison.
Jewellery
 p - an uncursed ring of ice
 r - a +2 ring of intelligence (right front leg)
Scrolls
 e - a scroll of remove curse {unknown}
 f - a scroll of fog {unknown}
 g - 2 scrolls of identify {unknown}
 h - a scroll of amnesia {unknown}
 m - a scroll of enchant weapon {unknown}
Potions
 i - a potion of magic {unknown}
 k - 2 potions of degeneration {unknown}
 n - a potion of cancellation {unknown}
 o - a potion of heal wounds {unknown}
 q - a potion of curing {unknown}
 s - a potion of agility {unknown}
Comestibles
 d - 6 rations
 u - 2 chunks of flesh


   Skills:
 - Level 1.0 Fighting
 - Level 2.2 Dodging
 + Level 3.9 Unarmed Combat
 - Level 2.2 Spellcasting
 - Level 1.9 Transmutations


You couldn't memorise any spells.
You knew the following spells:

 Your Spells              Type           Power        Failure   Level  Hunger
a - Beastly Appendage     Tmut           #.....       22%         1    #......
l - Sticks to Snakes      Tmut           #.......     32%         2    ###....
p - Spider Form           Tmut/Pois      #.........   61%         3    ###....

Your spell library contained the following spells:

 Spells                   Type           Power        Failure   Level  Hunger
 Blade Hands              Tmut           #.........   98%         5    ######.
 Ice Form                 Ice/Tmut       #.......     92%         4    #####..


Dungeon Overview and Level Annotations

Branches:
Dungeon (5/15)
 Temple: D:4-7

Altars:
Fedhas
Makhleb
Qazlal


Innate Abilities, Weirdness & Mutations

((You are partially covered in yellow scales. (AC +2)))
You are immune to rotting.


Message History

d - 6 rations (gained 1)
Found 23 bolts.
Eat one of 3 chunks of flesh? (ye/n/q)
You eat one of the 3 chunks of flesh.
This raw flesh tastes terrible.
You found a teleport trap!
An ogre comes into view. It is wielding a giant spiked club.
The ogre shouts!
You hear a shout!
Found a scale mail.
Found a stone staircase leading down.
Casting: Beastly Appendage (safe; 22% risk of failure)
Confirm with . or Enter, or press ? or * to list all spells.
Okay, then.
Casting: Beastly Appendage (safe; 22% risk of failure)
Confirm with . or Enter, or press ? or * to list all spells.
You turn into a venomous arachnid creature.
Your +0 ring mail melds into your body.
You hit the ogre.
The ogre is poisoned.
The ogre is lightly wounded.
The ogre hits you with a giant spiked club!!
Ouch! That really hurt!
You die...

.... #..# #..# #..###......#
.... ###..# ##.##
#......#...#
....##....####...#
##......##..#
.[........#..#...##.####..#
#.## .......#.....# #....#
#..# #..#
...#.##......####..##
##.###... ##
#...(....#.####..## ##.#..##.
##.....O###O##....###....####
##......## #.s.......^....# #
#........####..##.....#..## #
#.>.........#...##...###.. #
.....#.................#
##.####
......##..........##....#
.....
.....##...........###...###
..... ........####......#
#....##..... .......#
##.....####.......# # ...$..#
##......#.......###


You could see an ogre.

Vanquished Creatures
  4 adders
  2 worms
  A leopard gecko (D:2)
  An orc (D:3)
  2 bats (D:1)
  2 goblins
  A hobgoblin (D:2)
  4 kobolds
  2 quokkas
  2 frilled lizards
  4 rats
25 creatures vanquished.

Notes
Turn   | Place    | Note
-------+----------+-------------------------------------------
     0 | D:1      | letownia2 the Demonspawn Transmuter began the quest for the Orb.
     0 | D:1      | Reached XP level 1. HP: 15/15 MP: 3/3
    85 | D:2      | Reached skill level 3 in Unarmed Combat
   118 | D:2      | Gained mutation: You are partially covered in yellow scales. (AC +2) [demonic ancestry]
   118 | D:2      | Reached XP level 2. HP: 18/21 MP: 5/5
   372 | D:3      | Gained mutation: You are immune to rotting. [demonic ancestry]
   372 | D:3      | Reached XP level 3. HP: 25/26 MP: 3/6
   376 | D:3      | Learned a level 2 spell: Sticks to Snakes
   380 | D:3      | Learned a level 3 spell: Spider Form
   431 | D:4      | Found a burning altar of Makhleb.
   432 | D:4      | Noticed a blizzard demon
   618 | D:3      | Found a blossoming altar of Fedhas.
   624 | D:3      | Found a stormy altar of Qazlal.
   756 | D:5      | Entered Level 5 of the Dungeon
   786 | D:4      | Got a twisted chain mail
   807 | D:4      | Identified the +5 chain mail of the Accordion {rPois Dex-2 Slay+2} (You found it on level 4 of the Dungeon)
  1017 | D:4      | Noticed an ogre
  1044 | D:4      | Mangled by an ogre

Skill      XL: |  1  2 |
---------------+-------+-----
Unarmed Combat | 3 |  3.9
Dodging        | 2 |  2.2
Fighting       | |  1.0
Spellcasting   | |  2.2
Transmutations | |  1.9

Action                   || total
-------------------------++-------
Melee: Unarmed           ||    96
       Headbutt          ||     7
       Punch             ||     1
       Kick              ||    10
 Cast: Beastly Appendage ||    13
       Spider Form       ||     1
       Sticks to Snakes  ||     1
  Eat: Chunk             ||     1
Armor: Robe              ||     6
       Ring mail         ||    19
Dodge: Dodged            ||    48
